 Dungeon Crawl Stone Soup version 0.22-a0-469-gf26638a (webtiles) character file.

116 epen the Insei (level 5, 0/38 HPs)
             Began as a Merfolk Transmuter on June 12, 2018.
             Slain by a jackal (3 damage)
             ... on level 3 of the Dungeon.
             The game lasted 00:03:24 (2369 turns).

epen the Insei (Merfolk Transmuter)                 Turns: 2369, Time: 00:03:24

Health: 0/38       AC:  2    Str: 13    XL:     5   Next: 0%
Magic:  3/8        EV: 22    Int: 13    God:
Gold:   145        SH:  0    Dex: 20    Spells: 3/9 levels left

rFire    . . .     SeeInvis .     - Unarmed
rCold    . . .     Gourm    .   (shield currently unavailable)
rNeg     . . .     Faith    .   (armour currently unavailable)
rPois    x         Spirit   .   (helmet currently unavailable)
rElec    .         Reflect  .   (cloak currently unavailable)
rCorr    .         Harm     .   (gloves currently unavailable)
MR       .....                  (boots currently unavailable)
Stlth    ++........             (no amulet)
HPRegen  0.12/turn              e - +3 ring of strength
MPRegen  0.11/turn              (no ring)

@: lethally poisoned (0 -> -4), spider-form, flying
A: tiny, (change form in water), (swift swim), (stealthy swim)
a: End Transformation


You were on level 3 of the Dungeon.
You were near starving.
You were a venomous arachnid creature.
You visited 1 branch of the dungeon, and saw 3 of its levels.

You collected 145 gold pieces.

Inventory:

Missiles
 a - 3 arrows
Armour
 b - a +0 robe (melded)
Jewellery
 e - a +3 ring of strength (left front leg)
Scrolls
 h - a scroll of magic mapping {unknown}
 i - 3 scrolls of identify {unknown}
 k - a scroll of enchant weapon {unknown}
Potions
 c - a potion of magic
 g - a potion of flight
Comestibles
 d - 6 rations


   Skills:
 + Level 2.1 Fighting
 + Level 3.5 Dodging
 * Level 4.5 Unarmed Combat
 + Level 2.6 Spellcasting
 + Level 3.4 Transmutations


You had 3 spell levels left.
You knew the following spells:

 Your Spells              Type           Power        Failure   Level  Hunger
a - Beastly Appendage     Tmut           ##....       17%         1    #......
b - Sticks to Snakes      Tmut           ##......     22%         2    ###....
c - Spider Form           Tmut/Pois      #.........   56%         3    ###....

Your spell library contained the following spells:

 Spells                   Type           Power        Failure   Level  Hunger
 Blade Hands              Tmut           ##........   95%         5    ######.
 Ice Form                 Ice/Tmut       #.......     89%         4    #####..


Dungeon Overview and Level Annotations

Branches:
Dungeon (3/15)

Altars:


Message History

You feel sick.
* * * LOW HITPOINT WARNING * * *
You feel sick.
* * * LOW HITPOINT WARNING * * *
You feel sick.
* * * LOW HITPOINT WARNING * * *
You feel sick.
A jackal comes into view.
The jackal falls through a shaft!
The shaft crumbles and collapses.
A jackal comes into view.
* * * LOW HITPOINT WARNING * * *
You feel sick. The jackal closely misses you.
Casting: Sticks to Snakes (safe; 9% risk of failure)
Confirm with . or Enter, or press ? or * to list all spells.
You turn into a venomous arachnid creature.
Your +0 robe melds into your body.
* * * LOW HITPOINT WARNING * * *
You feel sick. The jackal bites you.
You die...

#.........# #..#...#
#.......$.#####....>..
#.#...........).......
.#......##.#####.#.....
........##... ..##...#
#.###.##.##########
#.## # #...#.# .#
#.#..S# .# ..#.s.#
###h# ..# ..## ... ###.
#. #.


You could see a jackal and a friendly ball python.

Vanquished Creatures
  7 adders
  An ooze (D:2)
  2 dart slugs (D:1)
  3 leopard geckos
  5 bats
  2 giant cockroaches
  5 goblins
  3 hobgoblins
  3 frilled lizards
  8 kobolds
  6 rats
  A fungus (D:1)
46 creatures vanquished.

Vanquished Creatures (collateral kills)
  An adder (D:2)
  A rat (D:2)
2 creatures vanquished.

Grand Total: 48 creatures vanquished

Notes
Turn   | Place    | Note
-------+----------+-------------------------------------------
     0 | D:1      | epen the Merfolk Transmuter began the quest for the Orb.
     0 | D:1      | Reached XP level 1. HP: 15/15 MP: 3/3
   229 | D:1      | Reached XP level 2. HP: 20/21 MP: 5/5
   839 | D:1      | Reached XP level 3. HP: 21/26 MP: 6/6
   864 | D:1      | Learned a level 2 spell: Sticks to Snakes
   868 | D:1      | Learned a level 3 spell: Spider Form
   967 | D:2      | Reached skill level 4 in Unarmed Combat
  1315 | D:2      | Reached XP level 4. HP: 28/33 MP: 3/7
  2356 | D:3      | Reached XP level 5. HP: 12/38 MP: 5/8
  2369 | D:3      | Slain by a jackal

Vault maps used:
D:1:      minmay_arrival_loop, minivault_19, minmay_gold_behind_fungi,
          hangedman_decor_points, hangedman_glass_teeth, hangedman_glass_garden
D:2:      kennysheep_generic_room_11
D:3:      minitemple, first_ration, bloody_trog, uniq_terence, uniq_ijyb

Skill      XL: |  1  2  3  4 |
---------------+-------------+-----
Dodging        | 3 |  3.5
Transmutations | 3 |  3.4
Unarmed Combat | 4 |  4.5
Fighting       | 2 |  2.1
Spellcasting   | |  2.6

Action                   |  1- 3 |  4- 6 || total
-------------------------+-------+-------++-------
Melee: Unarmed           |   121 |    62 ||   183
       Headbutt          |     2 |     6 ||     8
       Punch             |       |     1 ||     1
 Cast: Beastly Appendage |     4 |     7 ||    11
       Sticks to Snakes  |     3 |     6 ||     9
       Spider Form       |       |     1 ||     1
  Use: Potion            |       |     3 ||     3
       Scroll            |       |     1 ||     1
 Stab: Sleeping          |     3 |       ||     3
       Distracted        |     2 |       ||     2
  Eat: Chunk             |     1 |     3 ||     4
Armor: Robe              |    18 |     7 ||    25
       Skin              |       |     1 ||     1
Dodge: Dodged            |    81 |    51 ||   132

Table legend:
 A = Spawn XP
 B = Non-spawn XP
 C = Spawn XP percentage of total XP
 D = Spawn monster count
 E = Non-spawn monster count
 F = Spawn count percentage of total count
 G = Total turns spent on level
                    A         B        C        D         E        F      G
               +---------+---------+-------+---------+---------+-------+---------
         Total |       0 |     166 |   0.0 |       0 |      47 |   0.0 |  2369
               +---------+---------+-------+---------+---------+-------+---------
           D:1 |       0 |      35 |   0.0 |       0 |      17 |   0.0 |   869
           D:2 |       0 |     113 |   0.0 |       0 |      26 |   0.0 |  1366
           D:3 |       0 |      18 |   0.0 |       0 |       4 |   0.0 |   134
               +---------+---------+-------+---------+---------+-------+---------
